 Dungeon Crawl Stone Soup version 0.31-a0-1547-g618ab1f346 (webtiles) character file.

Game seed: 12868059585488998299

4820 Flugslaktarn the Fighter (level 10, -12/97 HPs)
             Began as a Minotaur Fighter on Jan 2, 2024.
             Was a Follower of Okawaru.
             Killed from afar by a raiju (14 damage)
             ... with a living lightning
             ... on level 1 of the Abyss.
             The game lasted 00:04:28 (5906 turns).

Flugslaktarn the Fighter (Minotaur Fighter)         Turns: 5906, Time: 00:04:29

Health: -12/97     AC: 18    Str: 26    XL:     10   Next: 24%
Magic:  9/9        EV:  7    Int:  5    God:    Okawaru [*.....]
Gold:   350        SH:  6    Dex: 21    Spells: 9/9 levels left

rFire   . . .        a - +0 war axe
rCold   + . .        c - +0 buckler
rNeg    . . .        m - +0 plate armour {rC+}
rPois   .            f - +2 hat
rElec   .            (no cloak)
rCorr   +            v - +0 pair of gloves
SInv    +            E - +0 pair of boots
Will    .....        (no amulet) Stlth
                     u - +6 ring of dexterity
HPRegen 0.36/turn    A - ring of Pikafeun {rCorr Dex+6}
MPRegen 0.11/turn

%: no passive effects
@: no status effects
A: horns 2, retaliatory headbutt
a: Renounce Religion, Heroism


You were on level 1 of the Abyss.
You worshipped Okawaru.
Okawaru was aware of your devotion.
You visited 2 branches of the dungeon, and saw 9 of its levels.
You visited the Abyss 1 time.
You also visited: Ossuary.

You collected 350 gold pieces.

Inventory:

Hand Weapons
 a - a +0 war axe (weapon)
Armour
 c - a +0 buckler (worn)
 f - a +2 hat (worn)
   (You found it on level 1 of the Dungeon)
 i - an orb of light
   (You found it on level 1 of the Dungeon)
 m - a +0 plate armour of cold resistance (worn)
   (You found it on level 1 of the Dungeon)
 v - a +0 pair of gloves (worn)
   (You found it on level 4 of the Dungeon)
 E - a +0 pair of boots (worn)
   (You found it in an ossuary)
Jewellery
 l - a ring of fire
   (You found it on level 3 of the Dungeon)
 u - a +6 ring of dexterity (left hand)
   (You found it on level 4 of the Dungeon)
 A - the ring of Pikafeun (right hand) {rCorr Dex+6}
   (You found it on level 6 of the Dungeon)

   [ring of resist corrosion]

   Dex+6:     It affects your dexterity (+6).
   rCorr:     It protects you from acid and corrosion.
Wands
 h - a wand of paralysis (11)
   (You found it on level 3 of the Dungeon)
Scrolls
 b - a scroll of fog {unknown}
 g - 2 scrolls of immolation
 j - a scroll of amnesia
 p - a scroll of poison {unknown}
 r - 2 scrolls of identify
 s - a scroll of vulnerability
 t - 3 scrolls of teleportation
 w - a scroll of revelation
 x - a scroll of brand weapon {unknown}
 B - a scroll of enchant weapon {unknown}
 H - a scroll of fear {unknown}
Potions
 d - a potion of might
 e - 2 potions of magic {unknown}
 k - a potion of heal wounds {unknown}
 n - 6 potions of attraction
 o - a potion of lignification {unknown}
 q - 7 potions of curing
 y - 2 potions of haste {unknown}
 z - 4 potions of mutation {unknown}
 C - 2 potions of enlightenment {unknown}
 D - 2 potions of degeneration {unknown}
 F - a potion of invisibility {unknown}
 G - 2 potions of berserk rage {unknown}


   Skills:
 * Level 12.0 Fighting
 * Level 11.6 Axes
 + Level 8.9 Armour
 - Level 3.6 Shields


You had 9 spell levels left.
You didn't know any spells.
Your spell library contained the following spells:

 Spells                   Type           Power      Damage    Failure   Level
 Magic Dart               Conj           0%         1d3       100%        1
 Blink                    Tloc           0%         N/A       100%        2
 Cigotuvi's Dreadful Rot  Necr/Alch/Air  0%         N/A       100%        2
 Sublimation of Blood     Necr           0%         N/A       100%        2
 Gell's Gravitas          Tloc           0%         N/A       100%        3
 Teleport Other           Tloc           0%         N/A       100%        3
 Dispel Undead            Necr           0%         3d6       100%        4
 Dispersal                Tloc           0%         N/A       100%        6
 Call Imp                 Summ           Unusable   N/A       N/A         2
 Martyr's Knell           Necr/Summ      Unusable   N/A       N/A         4
 Death Channel            Necr           Unusable   N/A       N/A         6
 Summon Hydra             Summ           Unusable   N/A       N/A         7

Dungeon Overview and Level Annotations

Branches:
Dungeon (8/15)             Temple (1/1) D:7         Ossuary (visited)
   Lair: D:8-11

Altars:
Ashenzari
Dithmenos
Fedhas
Kikubaaqudgha
Makhleb
Nemelex Xobeh
Okawaru
Qazlal
Ru
Sif Muna
Trog
Uskayaw
Wu Jian
Xom
Yredelemnul
Zin

Annotations:
D:8 Psyche


Innate Abilities, Weirdness & Mutations

You have a pair of horns on your head.
You reflexively headbutt those who attack you in melee.


Message History

Psyche is severely wounded.
Psyche hits you but does no damage.
You are cast into the Abyss!
This branch contains the abyssal rune of Zot.
Found a gateway leading deeper into the Abyss.
Unknown command.
You start removing your armour.
You continue taking off your orb of light. x4
You finish taking off your orb of light.
You start putting on your armour.
You continue putting on your +0 buckler. x5
You finish putting on your +0 buckler.
You start resting.
A large abomination comes into view.
Unknown command.
Unknown command.
You feel very mighty all of a sudden.
The large abomination barely misses you.
You hit the large abomination.
The large abomination is lightly damaged.
You barely miss the large abomination. You headbutt the large abomination.
The large abomination is lightly damaged.
The large abomination hits you.
You barely miss the large abomination.
The large abomination is lightly damaged.
The large abomination hits you!
You slice the large abomination!!
The large abomination is severely damaged.
The large abomination hits you!
A small abomination comes into view.
You closely miss the large abomination. You headbutt the large abomination.
The large abomination is almost destroyed.
You block the large abomination's attack.
You slash the large abomination!
You destroy the large abomination!
Okawaru is honoured by your kill.
You can now gain great but temporary skills.
You slash the small abomination!
The small abomination is moderately damaged.
The small abomination hits you. The small abomination hits you!
You slash the small abomination!
You destroy the small abomination!
Okawaru accepts your kill.
No target in view!
No target in view!
You start resting.
You feel a little less mighty now.
You start resting.
An ice beast comes into view.
Unknown command.
You hit the ice beast. You headbutt the ice beast.
The ice beast is moderately wounded.
The ice beast hits you but does no damage.
You slice the ice beast!!
You kill the ice beast!
Okawaru accepts your kill.
Your Fighting skill increases to level 12!
No target in view!
No target in view!
A raiju comes into view.
The raiju barks!
You hear a bark! x2
A raiju is nearby!
A raiju is nearby!
Unknown command. 2 raiju come into view.
The raiju barks! x2
A raiju comes into view.
The raiju bursts into living lightning!
The living lightning hits you!!
The raiju blinks! x2
The raiju bursts into living lightning!
The living lightning hits you!
The raiju blinks! x2
The raiju barks!
You hear a roar!
You hit the raiju but do no damage. You closely miss the raiju.
You block the raiju's attack. x2
The raiju barely misses you.
The raiju bursts into living lightning!
The living lightning hits you.
The raiju blinks!
You slash the raiju!
The raiju is heavily wounded.
You slash the raiju! You completely miss the raiju. The raiju bites you.
The raiju shocks you! The raiju bites you but does no damage.
The raiju bites you.
* * * LOW HITPOINT WARNING * * *
The raiju shocks you!
* * * LOW HITPOINT WARNING * * *
Okay, then.
Okay, then.
You feel better. The raiju bites you but does no damage.
The raiju bursts into living lightning!
The living lightning hits you!!
* * * LOW HITPOINT WARNING * * *
The raiju blinks!
The raiju bites you but does no damage.
Unknown command.
As you read the scroll labelled NIZUN GISIDEC, it crumbles to dust.
You feel momentarily disoriented.
It was a scroll of revelation.
A stone giant zombie, a smoke demon and an apocalypse crab come into view.
You block the raiju's attack.
The raiju bursts into living lightning!
The living lightning hits you!
You die...

.. . ..
...#.3##.#.###. ###..
.....####..##.. ..# .
##...#...#...###...#.
........#..#........
........##...........
..#.#.h.#...........#
.#.#..hhh#...#....>#
#....##@####..# ..
...#.######.#........
.#..####.#..#........
....Z..######........
.#...............#. .
.#.#......####... .#
...##......###.#..#.
.........∩..####.#. .
. .


You could see a smoke demon (wandering), 4 raiju and a stone giant zombie
(wandering).

Vanquished Creatures
  A large abomination (Abyss:1)
  A kobold demonologist (D:7)
  Prince Ribbit (D:6)
  A wyvern (D:6)
  A small abomination (Abyss:1)
  2 water moccasins
  4 orc warriors
  2 sky beasts
  4 ice beasts
  An ogre (D:4)
  A weeping skull (Ossuary)
  2 kobold brigands
  2 gnoll sergeants
  A scorpion (D:5)
  7 water moccasin zombies (Ossuary)
  5 wights (D:7)
  6 howler monkeys
  6 killer bees
  A hound (D:5)
  3 orc priests
  4 bombardier beetles
  3 jellies
  2 spectral scorpions (Ossuary)
  3 iguanas
  7 orc wizards
  A crocodile zombie (Ossuary)
  2 mummies (Ossuary)
  7 gnolls
  9 adders
  A shadow imp (D:5)
  2 white imps
  2 adder zombies (Ossuary)
  3 dart slugs
  24 orcs
  12 bats
  3 endoplasms
  4 giant cockroaches
  8 gnoll zombies (Ossuary)
  7 goblins
  4 hobgoblins
  4 jackals (D:4)
  24 kobolds
  2 quokkas
  2 ball pythons
  12 frilled lizards
  7 jackal zombies (Ossuary)
  2 orc zombies (Ossuary)
  7 rats
  A spectral kobold (D:3)
221 creatures vanquished.

Notes
Turn   | Place    | Note
-------+----------+-------------------------------------------
     0 | D:1      | Flugslaktarn the Minotaur Fighter began the quest for the
                  | Orb.
     0 | D:1      | Reached XP level 1. HP: 19/19 MP: 0/0
   370 | D:1      | Reached XP level 2. HP: 18/27 MP: 1/1
   472 | D:1      | Reached skill level 4 in Fighting
   803 | D:2      | Reached XP level 3. HP: 33/33 MP: 2/2
  1011 | D:2      | Reached XP level 4. HP: 41/41 MP: 3/3
  1342 | D:3      | Found a faded altar of an unknown god.
  1450 | D:3      | Found a glowing silver altar of Zin.
  1600 | D:3      | Found an ornate altar of the Wu Jian Council.
  1604 | D:3      | Reached skill level 5 in Fighting
  1646 | D:3      | Found a basalt altar of Yredelemnul.
  1747 | D:3      | Found a shimmering blue altar of Sif Muna.
  1778 | D:3      | Reached XP level 5. HP: 41/48 MP: 4/4
  1933 | D:4      | Found a sacrificial altar of Ru.
  2108 | D:4      | Reached skill level 5 in Axes
  2117 | D:4      | Reached XP level 6. HP: 25/57 MP: 5/5
  2149 | D:4      | Reached skill level 6 in Fighting
  2290 | D:4      | Reached skill level 5 in Armour
  2760 | D:5      | Entered Level 5 of the Dungeon
  2872 | D:5      | Noticed a sky beast
  2898 | D:5      | Killed a sky beast
  2899 | D:5      | Reached XP level 7. HP: 58/64 MP: 6/6
  3066 | D:5      | Reached skill level 7 in Fighting
  3339 | D:6      | Found a blossoming altar of Fedhas.
  3341 | D:6      | Found a stormy altar of Qazlal.
  3382 | D:6      | Found a shimmering altar of Xom.
  3461 | D:6      | Reached skill level 8 in Fighting
  3461 | D:6      | Reached XP level 8. HP: 65/74 MP: 7/7
  3524 | D:6      | Noticed Prince Ribbit
  3531 | D:6      | Killed Prince Ribbit
  3571 | D:6      | Identified the ring of Pikafeun {rCorr Dex+6}
  3574 | D:6      | Found a sand-covered staircase.
  3578 | Ossuary  | Entered an ossuary
  3681 | Ossuary  | Reached skill level 9 in Fighting
  3768 | Ossuary  | Identified the +10 flail "Eviscerator" {drain, MP+9 Str-3
                  | Int+5 Stlth+}
  3963 | D:6      | Reached XP level 9. HP: 85/85 MP: 8/8
  4336 | D:6      | Reached skill level 10 in Fighting
  4631 | D:7      | Reached skill level 10 in Axes
  4805 | D:7      | Found a broken altar of Ashenzari.
  4870 | D:7      | Noticed a kobold demonologist
  4881 | D:7      | Noticed a soul eater
  4881 | D:7      | Killed a kobold demonologist
  4882 | D:7      | Reached skill level 11 in Fighting
  5079 | D:7      | Found a staircase to the Ecumenical Temple.
  5232 | Temple   | Entered the Ecumenical Temple
  5244 | Temple   | Became a worshipper of Warmaster Okawaru
  5442 | D:7      | Found a hide-covered altar of Uskayaw.
  5613 | D:8      | Reached XP level 10. HP: 91/96 MP: 9/9
  5746 | D:8      | Noticed Psyche
  5752 | Abyss:1  | Cast into level 1 of the Abyss (Psyche)
  5817 | Abyss:1  | Noticed a large abomination
  5831 | Abyss:1  | Killed a large abomination
  5831 | Abyss:1  | Reached * piety under Okawaru
  5896 | Abyss:1  | Reached skill level 12 in Fighting
  5905 | Abyss:1  | HP: 2/97 [raiju/living lightning (22)]
  5906 | Abyss:1  | Noticed a smoke demon
  5906 | Abyss:1  | Noticed an apocalypse crab
  5906 | Abyss:1  | Killed from afar by a raiju

Illustrated notes

Levels and vault maps discovered:
D:1:      lemuel_arrival_river_ford, layout_basic, st_stairs_10
D:2:      layout_loops_cross, kennysheep_generic_room_4
D:3:      layout_rooms, old_standard_altar, kennysheep_orc_sif_temple,
          nicolae_wu_jian_wuxing_cycle, nicolae_overflow_hidden_temple,
          mainiacjoe_overflow_paths, dreamdust_ecumenical_altar_drowned_temple
D:4:      layout_basic, mainiacjoe_overflow_brackets, minmay_lizard_king
D:5:      layout_basic, nicolae_letterblocks [nicolae_letter_subblock,
          nicolae_letter_subblock, nicolae_letter_subblock,
          nicolae_letter_subblock, nicolae_letter_subblock,
          nicolae_letter_subblock, nicolae_letter_subblock,
          nicolae_letter_subblock, nicolae_letter_subblock,
          nicolae_letter_subblock, nicolae_letter_subblock,
          nicolae_letter_subblock, nicolae_letter_subblock,
          nicolae_letter_subblock, nicolae_letter_subblock,
          nicolae_letter_subblock, nicolae_letter_subblock,
          nicolae_letter_subblock, nicolae_letter_subblock,
          nicolae_letter_subblock, nicolae_letter_subblock,
          nicolae_letter_subblock, nicolae_letter_subblock,
          nicolae_letter_subblock, nicolae_letter_subblock]
D:6:      layout_basic, grunt_temple_overflow_open, nicolae_ossuary_entry_plus,
          minmay_misc_feat_iff, minmay_misc_feat_four_crosses, dk_vineyard_2,
          uniq_prince_ribbit1
D:7:      layout_gridville, nicolae_ashenzari_panopticon,
          general_overflow_altar, minmay_temple_entry_statues_pillars,
          glass_columns_c
D:8:      layout_rooms, slow_altar_2, elyvilon_altar_4, enter_bailey_8,
          uniq_psyche, uniq_maggie
Temple:   nicolae_temple_ecumenical_triangle
Abyss:1:  base:
Bailey

Skill      XL: |  1  2  3  4  5  6  7  8  9 10 |
---------------+-------------------------------+-----
Fighting       | 4 5 6 8 9 11 12 | 12.0
Axes           | 3 4 5 6 7 9 11 | 11.6
Armour         | 4 5 6 7 8 |  8.9
Shields        | |  3.6

Action                     |  1- 3 |  4- 6 |  7- 9 | 10-12 || total
---------------------------+-------+-------+-------+-------++-------
  Melee: War axe           |    52 |   142 |   230 |    26 ||   450
         Headbutt          |    10 |    29 |    62 |     5 ||   106
  Evoke: Wand              |       |     3 |       |       ||     3
    Use: Scroll            |       |     5 |       |     1 ||     6
         Potion            |       |     1 |     1 |     2 ||     4
   Stab: Paralysed         |       |     3 |       |       ||     3
 Armour: Scale mail        |    14 |       |       |       ||    14
         Plate armour      |    30 |   112 |   188 |    58 ||   388
  Dodge: Dodged            |    23 |    39 |    87 |    14 ||   163
  Block: Buckler           |     1 |       |       |     4 ||     5

Table legend: (Time is in decaauts)
 A = Elapsed time spent in this place.
 B = Non-inter-level travel time spent in this place.
 C = Inter-level travel time spent in this place.
 D = Time resting spent in this place.
 E = Time spent auto-exploring this place.
 F = Levels seen in this place.
 G = Mean time per level.
                   A        B        C        D        E       F      G
               +--------+--------+--------+--------+--------+-----+--------+
         Total |   5988 |   5759 |    229 |    593 |   3898 |  11 |  544.4 |
       Dungeon |   5604 |   5380 |    224 |    496 |   3796 |   8 |  700.5 |
        Temple |     16 |     12 |      4 |      0 |      0 |   1 |   16.0 |
         Abyss |    153 |    153 |      0 |     97 |      0 |   1 |  153.0 |
       Ossuary |    214 |    214 |      0 |      0 |    102 |   1 |  214.0 |
               +--------+--------+--------+--------+--------+-----+--------+

Top non-repeatable levels by time:
     D:7: 1327 daAuts
     D:6: 848 daAuts
     D:4: 842 daAuts
     D:1: 741 daAuts
     D:2: 628 daAuts
     D:3: 612 daAuts
     D:5: 574 daAuts
 Ossuary: 214 daAuts
 Abyss:1: 153 daAuts
     D:8: 28 daAuts
  Temple: 16 daAuts
